 Dungeon Crawl Stone Soup version 0.23.2-1-ga50397a (webtiles) character file.

Game seed: 12736612424321397304

16898 keltmir the Thaumaturge (level 12, -3/94 HPs)
             Began as a Gnoll Skald on May 14, 2019.
             Was a High Priest of Okawaru.
             Slain by a wyvern (13 damage)
             ... on level 2 of the Lair of Beasts.
             The game lasted 01:14:13 (16571 turns).

keltmir the Thaumaturge (Gnoll Skald)              Turns: 16571, Time: 01:14:13

Health: -3/94      AC:  9    Str: 23    XL:     12   Next: 42%
Magic:  21/24      EV: 17    Int: 21    God:    Okawaru [*****.]
Gold:   437        SH:  6    Dex: 14    Spells: 14/28 levels left

rFire    . . .     SeeInvis .   K - +4 trident (pierce)
rCold    . . .     Gourm    .   f - +0 buckler
rNeg     . . .     Faith    .   q - +2 robe "Ipseon" {Str+5 Int+4}
rPois    .         Spirit   .   n - +1 hat
rElec    .         Reflect  .   c - +1 cloak
rCorr    .         Harm     .   l - +0 pair of gloves
MR       .....                  (no boots)
Stlth    ++........             (no amulet)
HPRegen  0.25/turn              (no ring)
MPRegen  0.19/turn              (no ring)

@: about to teleport, hasted, slow
A: distributed training, fangs 1, strong nose
a: Heroism, Finesse, Renounce Religion


You were on level 2 of the Lair of Beasts.
You worshipped Okawaru.
Okawaru was extremely pleased with you.
You were very hungry.

You visited 3 branches of the dungeon, and saw 14 of its levels.
You also visited: Gauntlet.

You collected 632 gold pieces.
You spent 195 gold pieces at shops.

Inventory:

Hand Weapons
 b - a +0 hunting sling
 K - a +4 trident of piercing (weapon)
Missiles
 A - 2 javelins
 G - 10 tomahawks (quivered)
 I - 2 throwing nets
Armour
 c - a +1 cloak (worn)
 f - a +0 buckler (worn)
 l - a +0 pair of gloves (worn)
 n - a +1 hat (worn)
 q - the +2 robe "Ipseon" (worn) {Str+5 Int+4}
   (You found it on level 2 of the Lair of Beasts)

   It affects your strength (+5).
   It affects your intelligence (+4).
Magical Staves
 y - an uncursed staff of summoning
Jewellery
 i - an uncursed ring of fire
Wands
 m - a wand of polymorph (9)
 o - a wand of flame (17)
 r - a wand of random effects (27)
 u - a wand of enslavement (17)
 v - a wand of digging (2)
 D - a wand of acid (24)
Scrolls
 h - 3 scrolls of amnesia
 j - 6 scrolls of immolation
 k - a scroll of enchant weapon
 s - 5 scrolls of remove curse
 t - 3 scrolls of blinking {unknown}
 x - 2 scrolls of enchant armour
 B - 2 scrolls of teleportation
 E - 2 scrolls of fog {unknown}
 H - a scroll of holy word {unknown}
 J - a scroll of fear {unknown}
 M - a scroll of noise {unknown}
Potions
 a - a potion of brilliance
 w - 2 potions of mutation
 z - 2 potions of berserk rage
 C - a potion of might
 F - 3 potions of lignification
 L - 2 potions of curing
Comestibles
 d - 20 rations


   Skills:
 + Level 8.6 Fighting
 + Level 7.1 Short Blades
 + Level 7.1 Long Blades
 + Level 7.1 Axes
 + Level 7.1 Maces & Flails
 + Level 8.6 Polearms
 + Level 7.1 Staves
 + Level 7.1 Slings
 + Level 7.1 Bows
 + Level 7.1 Crossbows
 + Level 7.1 Throwing
 + Level 7.6 Armour
 + Level 8.6 Dodging
 + Level 7.1 Stealth
 + Level 7.1 Shields
 + Level 7.1 Unarmed Combat
 + Level 8.8 Spellcasting
 + Level 5.9 Conjurations
 + Level 5.9 Hexes
 + Level 8.2 Charms
 + Level 5.9 Summonings
 + Level 5.9 Necromancy
 + Level 5.9 Translocations
 + Level 5.9 Transmutations
 + Level 5.9 Fire Magic
 + Level 5.9 Ice Magic
 + Level 5.9 Air Magic
 + Level 5.9 Earth Magic
 + Level 5.9 Poison Magic
 + Level 7.8 Invocations
 + Level 7.1 Evocations


You had 14 spell levels left.
You knew the following spells:

 Your Spells              Type           Power        Failure   Level  Hunger
a - Infusion              Chrm           ####         1%          1    None
b - Spectral Weapon       Hex/Chrm       #####...     1%          3    None
c - Regeneration          Chrm/Necr      #####.....   1%          3    None
d - Vampiric Draining     Necr           ####......   1%          3    None
e - Animate Skeleton      Necr           N/A          1%          1    None
f - Confuse               Hex            ####....     1%          3    None

Your spell library contained the following spells:

 Spells                   Type           Power        Failure   Level  Hunger
 Beastly Appendage        Tmut           ####..       1%          1    None
 Confusing Touch          Hex            ####..       1%          1    None
 Pain                     Necr           ####         1%          1    None
 Shroud of Golubria       Chrm/Tloc      #####.....   1%          2    None
 Song of Slaying          Chrm           #####...     1%          2    None
 Sticks to Snakes         Tmut           ####....     1%          2    None
 Gell's Gravitas          Tloc           ####......   1%          3    None
 Spider Form              Tmut/Pois      ####......   1%          3    None
 Animate Dead             Necr           N/A          6%          4    ###....
 Ice Form                 Ice/Tmut       ####....     6%          4    ###....
 Petrify                  Tmut/Erth      ####....     6%          4    ###....
 Blade Hands              Tmut           ####......   17%         5    #####..
 Metabolic Englaciation   Hex/Ice        ####......   17%         5    #####..
 Yara's Violent Unravell  Hex/Tmut       ####......   17%         5    #####..


Dungeon Overview and Level Annotations

Branches:
Dungeon (11/15)            Temple (1/1) D:5            Lair (2/6) D:9
 Spider (0/4) Lair:2          Orc (0/2) D:9
  Swamp: Lair:2-4    Shoals: Lair:2-4

Altars:
Cheibriados
Dithmenos
Elyvilon
Fedhas
Gozag
Hepliaklqana
Kikubaaqudgha
Makhleb
Nemelex Xobeh
Okawaru
Qazlal
Ru
Sif Muna
Trog
Uskayaw
Vehumet
Wu Jian
Xom
Yredelemnul
Zin
The Shining One

Shops:
D:9 (

Annotations:
D:6 , 1 runed translucent door, Borbor's ghost, novice DrFE
D:10 Urug


Innate Abilities, Weirdness & Mutations

Your experience applies equally to all skills.
You have very sharp teeth.
Your uncanny sense of smell can sniff out nearby items.


Message History

The wyvern hisses menacingly.
The wyvern bites your spectral weapon!
Your spectral weapon shares its damage with you!
* * * LOW HITPOINT WARNING * * *
The wyvern bites your spectral weapon!
Your spectral weapon shares its damage with you!
Your spectral weapon fades away.
* * * LOW HITPOINT WARNING * * *
The wyvern misses you. The wyvern bites you.
* * * LOW HITPOINT WARNING * * *
The wyvern barely misses you. The elephant tramples you!
* * * LOW HITPOINT WARNING * * *
You stumble backwards!
Splash!
As you read the scroll of teleportation, it crumbles to dust.
You feel strangely unstable. You block the elephant's attack.
The elephant trunk-slaps you but does no damage.
You feel yourself speed up. The wyvern bites you!
You die...

.....................♣
.......♣♣♣♣..♣♣.♣...♣♣
.....♣♣♣ ♣♣♣♣♣♣♣♣♣♣♣
.....♣ ♣♣♣♣♣♣♣ ## ...♣♣♣
♣♣♣♣.....♣♣ #♣)%♣# .♣♣♣
♣♣♣.P.......♣♣##.Y$.# ♣♣
♣♣♣P...........#.#≈l.≈# ♣
♣♣P........≈≈≈.♣.##≈≈≈≈#
♣♣♣.........≈≈≈@P♣♣# #l≈#
♣♣P......[..≈≈≈≈lY≈♣ ##≈#
......≈≈≈..≈≈≈≈≈≈≈≈♣ #≈≈≈#
....≈≈≈≈≈≈.≈≈≈≈≈≈≈≈♣ #l≈≈≈
...≈≈≈≈≈≈≈≈≈≈≈♣♣≈≈≈♣##≈##
...≈≈≈≈≈≈≈≈≈≈≈♣♣P≈≈♣.#≈≈#
..(≈≈≈≈≈≈≈≈≈P≈♣P≈≈♣.##≈≈≈#
...≈≈≈≈≈≈≈≈≈≈≈♣≈≈≈♣♣# ≈≈≈#
....≈≈≈≈≈≈≈≈.≈♣♣≈≈≈♣ ≈≈#


You could see an elephant and a wyvern.

Vanquished Creatures
  A hydra (Lair:1)
  Erolcha (D:9)
  6 death yaks
  A centaur zombie (D:10)
  Joseph (D:10)
  A torpor snail (Lair:2)
  2 spiny frogs
  3 komodo dragons
  A troll (D:9)
  A hornet (D:8)
  A slime creature (D:8)
  2 hippogriffs
  5 wyverns
  4 yaks
  3 hungry ghosts
  A soldier ant (D:7)
  An acid dragon (D:9)
  A porcupine (Lair:2)
  6 water moccasins
  2 sky beasts (D:9)
  8 ice beasts
  6 orc warriors
  A phantom (D:10)
  2 black bears (D:7)
  An eye of draining (D:7)
  4 wolves (Lair:1)
  2 centaurs (D:9)
  4 ogres
  4 crocodiles
  10 bullfrogs
  2 gnoll sergeants
  4 scorpions
  A howler monkey (D:8)
  3 electric eels (D:6)
  3 crimson imps
  A bullfrog zombie (D:8)
  3 quasits
  A centaur skeleton (D:5)
  5 hounds
  2 jellies
  A bullfrog skeleton (D:6)
  6 orc priests
  7 iguanas
  10 orc wizards
  Natasha (thrice) (D:3)
  13 worker ants
  A killer bee zombie (D:9)
  A hound skeleton (D:4)
  A worker ant zombie (D:5)
  14 gnolls
  7 adders
  3 shadow imps
  8 oozes (D:2)
  4 adder skeletons
  2 dart slugs
  8 worms
  8 leopard geckos
  47 orcs
  5 giant cockroaches
  A goblin (D:3)
  10 hobgoblins
  8 jackals
  19 kobolds
  4 quokkas
  5 bats
  4 frilled lizards
  2 leopard gecko skeletons
  A leopard gecko zombie (D:5)
  A quokka zombie (D:5)
  7 rats
322 creatures vanquished.

Vanquished Creatures (others)
  4 fungi
  2 plants
  11 spectral weapons
  15 toadstools
32 creatures vanquished.

Grand Total: 354 creatures vanquished

Notes
Turn   | Place    | Note
-------+----------+-------------------------------------------
     0 | D:1      | keltmir the Gnoll Skald began the quest for the Orb.
     0 | D:1      | Reached XP level 1. HP: 20/20 MP: 6/6
    61 | D:1      | Reached XP level 2. HP: 26/26 MP: 1/7
   523 | D:1      | Reached XP level 3. HP: 31/31 MP: 5/9
   884 | D:1      | Reached skill level 5 in Spellcasting
   965 | D:2      | Found a deep blue altar of Sif Muna.
  1000 | D:2      | Learned a level 3 spell: Spectral Weapon
  1010 | D:2      | Reached skill level 1 in Invocations
  1234 | D:2      | Reached skill level 1 in Short Blades
  1234 | D:2      | Reached skill level 1 in Long Blades
  1234 | D:2      | Reached skill level 1 in Axes
  1234 | D:2      | Reached skill level 1 in Maces & Flails
  1234 | D:2      | Reached skill level 1 in Staves
  1234 | D:2      | Reached skill level 1 in Slings
  1234 | D:2      | Reached skill level 1 in Bows
  1234 | D:2      | Reached skill level 1 in Crossbows
  1234 | D:2      | Reached skill level 1 in Throwing
  1234 | D:2      | Reached skill level 1 in Stealth
  1234 | D:2      | Reached skill level 1 in Shields
  1234 | D:2      | Reached skill level 1 in Unarmed Combat
  1234 | D:2      | Reached skill level 1 in Evocations
  1322 | D:2      | Reached XP level 4. HP: 35/38 MP: 7/11
  1956 | D:2      | Reached skill level 1 in Conjurations
  1956 | D:2      | Reached skill level 1 in Hexes
  1956 | D:2      | Reached skill level 1 in Summonings
  1956 | D:2      | Reached skill level 1 in Necromancy
  1956 | D:2      | Reached skill level 1 in Translocations
  1956 | D:2      | Reached skill level 1 in Transmutations
  1956 | D:2      | Reached skill level 1 in Fire Magic
  1956 | D:2      | Reached skill level 1 in Ice Magic
  1956 | D:2      | Reached skill level 1 in Air Magic
  1956 | D:2      | Reached skill level 1 in Earth Magic
  1956 | D:2      | Reached skill level 1 in Poison Magic
  1976 | D:2      | Reached XP level 5. HP: 28/43 MP: 10/12
  2270 | D:3      | Found a hide-covered altar of Uskayaw.
  2771 | D:3      | Found a glowing golden altar of the Shining One.
  2795 | D:3      | Noticed Natasha
  2804 | D:3      | Killed Natasha
  2868 | D:3      | Found a sparkling altar of Nemelex Xobeh.
  2882 | D:3      | Noticed Sigmund
  2883 | D:3      | Noticed Sigmund
  2883 | D:3      | Sigmund changed into Sigmund the scorpion
  2920 | D:3      | Killed Sigmund the scorpion
  2920 | D:3      | Reached XP level 6. HP: 34/50 MP: 10/13
  3190 | D:3      | Found a shimmering altar of Xom.
  3289 | D:3      | Noticed Natasha
  3296 | D:3      | Killed Natasha
  3348 | D:4      | Reached skill level 5 in Fighting
  3348 | D:4      | Reached skill level 5 in Polearms
  3348 | D:4      | Reached skill level 5 in Dodging
  3421 | D:3      | Noticed Natasha
  3430 | D:3      | Killed Natasha
  3667 | D:4      | Reached XP level 7. HP: 51/56 MP: 8/15
  4359 | D:5      | Entered Level 5 of the Dungeon
  4998 | D:5      | Learned a level 3 spell: Regeneration
  5002 | D:5      | Learned a level 3 spell: Vampiric Draining
  5098 | D:5      | Found a sacrificial altar of Ru.
  5151 | D:5      | Found a staircase to the Ecumenical Temple.
  5158 | Temple   | Entered the Ecumenical Temple
  5179 | Temple   | Became a worshipper of Warmaster Okawaru
  5502 | D:6      | Found a glowing silver altar of Zin.
  5660 | D:5      | Reached XP level 8. HP: 30/63 MP: 8/16
  5879 | D:6      | Found an ancient bone altar of Kikubaaqudgha.
  5879 | D:6      | Found a bloodstained altar of Trog.
  5947 | D:6      | Reached * piety under Okawaru
  6079 | D:6      | Found a transporter.
  6148 | D:6      | Found a transporter.
  6244 | D:5      | Learned a level 1 spell: Animate Skeleton
  6375 | D:6      | Found a runed translucent door.
  6375 | D:6      | Found a shimmering altar of Xom.
  6375 | D:6      | Noticed Borbor's ghost (novice DrFE)
  6376 | D:6      | Noticed a +0 spear of chaos
  7322 | D:7      | Reached ** piety under Okawaru
  7322 | D:7      | Reached XP level 9. HP: 59/69 MP: 15/18
  8258 | D:7      | Reached skill level 5 in Armour
  8348 | D:7      | Learned a level 3 spell: Confuse
  8569 | D:6      | Reached *** piety under Okawaru
  8960 | D:7      | Reached skill level 5 in Invocations
  9274 | D:8      | Noticed a two-headed ogre
  9611 | D:8      | a two-headed ogre changed into a slime creature
  9619 | D:8      | Reached XP level 10. HP: 58/77 MP: 3/20
  9966 | D:8      | Reached skill level 5 in Short Blades
  9966 | D:8      | Reached skill level 5 in Long Blades
  9966 | D:8      | Reached skill level 5 in Axes
  9966 | D:8      | Reached skill level 5 in Maces & Flails
  9966 | D:8      | Reached skill level 5 in Staves
  9966 | D:8      | Reached skill level 5 in Slings
  9966 | D:8      | Reached skill level 5 in Bows
  9966 | D:8      | Reached skill level 5 in Crossbows
  9966 | D:8      | Reached skill level 5 in Throwing
  9966 | D:8      | Reached skill level 5 in Stealth
  9966 | D:8      | Reached skill level 5 in Shields
  9966 | D:8      | Reached skill level 5 in Unarmed Combat
  9966 | D:8      | Reached skill level 5 in Evocations
 10015 | D:8      | Paralysed by a hornet for 3 turns
 10658 | D:8      | Reached **** piety under Okawaru
 10706 | D:9      | Found Gygat's Antique Weapon Boutique.
 10708 | D:9      | Noticed Erolcha
 11205 | D:9      | Killed Erolcha
 11205 | D:9      | Reached ***** piety under Okawaru
 11205 | D:9      | Received a gift from Okawaru
 11280 | D:9      | Bought a runed trident for 195 gold pieces
 11364 | D:9      | Found a staircase to the Orcish Mines.
 11610 | D:9      | Reached XP level 11. HP: 84/84 MP: 16/22
 11691 | D:9      | HP: 2/84 [acid (16)]
 12338 | D:9      | Found a staircase to the Lair.
 12481 | D:10     | Entered Level 10 of the Dungeon
 12486 | D:10     | Noticed Joseph
 12548 | D:10     | Killed Joseph
 12591 | D:10     | Reached skill level 5 in Conjurations
 12591 | D:10     | Reached skill level 5 in Hexes
 12591 | D:10     | Reached skill level 5 in Summonings
 12591 | D:10     | Reached skill level 5 in Necromancy
 12591 | D:10     | Reached skill level 5 in Translocations
 12591 | D:10     | Reached skill level 5 in Transmutations
 12591 | D:10     | Reached skill level 5 in Fire Magic
 12591 | D:10     | Reached skill level 5 in Ice Magic
 12591 | D:10     | Reached skill level 5 in Air Magic
 12591 | D:10     | Reached skill level 5 in Earth Magic
 12591 | D:10     | Reached skill level 5 in Poison Magic
 13006 | D:10     | Noticed Urug
 13598 | D:11     | Noticed a four-headed hydra
 13705 | Lair:1   | Entered Level 1 of the Lair of Beasts
 13719 | Lair:1   | Received a gift from Okawaru
 13865 | Lair:1   | Found a gate leading to a gauntlet.
 13877 | Gauntlet | Entered a Gauntlet
 13877 | Gauntlet | Found a large runed translucent door.
 13877 | Gauntlet | Found a large runed translucent door.
 13877 | Gauntlet | Found a large runed translucent door.
 13877 | Gauntlet | Found a large runed translucent door.
 13877 | Gauntlet | Found a large runed translucent door.
 13877 | Gauntlet | Found a transporter.
 13877 | Gauntlet | Found a large runed translucent door.
 13877 | Gauntlet | Found a large runed translucent door.
 13877 | Gauntlet | Found a large runed translucent door.
 13877 | Gauntlet | Found a runed translucent door.
 13877 | Gauntlet | Found a runed translucent gate.
 13877 | Gauntlet | Found a runed translucent gate.
 13877 | Gauntlet | Found a transporter.
 13877 | Gauntlet | Found a transporter.
 13877 | Gauntlet | Noticed a worldbinder
 13878 | Gauntlet | Found a transporter.
 13879 | Gauntlet | Found a transporter.
 13882 | Gauntlet | Found a transporter.
 13890 | Gauntlet | Found a transporter.
 13890 | Gauntlet | Noticed a fire crab
 13891 | Gauntlet | Found a transporter.
 13893 | Gauntlet | Found a transporter.
 13893 | Gauntlet | Found a transporter.
 13895 | Gauntlet | Noticed a catoblepas
 13901 | Gauntlet | Found a transporter.
 13901 | Gauntlet | Found a transporter.
 13901 | Gauntlet | Noticed a death ooze
 13901 | Gauntlet | Noticed a moth of wrath
 13964 | Gauntlet | Found a runed translucent door.
 13964 | Gauntlet | Found a runed translucent gate.
 13972 | Gauntlet | Found a large runed translucent door.
 13972 | Gauntlet | Found a large runed translucent door.
 13972 | Gauntlet | Found a large runed translucent door.
 13972 | Gauntlet | Found a large runed translucent door.
 13973 | Gauntlet | Found a large runed translucent door.
 13973 | Gauntlet | Found a large runed translucent door.
 13974 | Gauntlet | Found a large runed translucent door.
 13974 | Gauntlet | Found a large runed translucent door.
 14079 | Lair:1   | Noticed a five-headed hydra
 14088 | Lair:1   | Killed a five-headed hydra
 14938 | Lair:2   | Noticed a death yak
 14939 | Lair:2   | Noticed a death yak
 14949 | Lair:2   | Noticed a death yak
 14949 | Lair:2   | Noticed a death yak
 14951 | Lair:2   | Noticed a death yak
 14955 | Lair:2   | Noticed a death yak
 14978 | Lair:1   | Killed a death yak
 14988 | Lair:1   | Killed a death yak
 15176 | Lair:1   | Killed a death yak
 15176 | Lair:1   | Reached XP level 12. HP: 47/93 MP: 18/24
 15330 | Lair:1   | Killed a death yak
 15500 | Lair:2   | Found a hole to the Spider Nest.
 16008 | Lair:2   | Got a transparent robe
 16019 | Lair:2   | Identified the +2 robe "Ipseon" {Str+5 Int+4} (You found it
                  | on level 2 of the Lair of Beasts)
 16050 | Lair:2   | Noticed a dire elephant
 16050 | Lair:2   | Noticed a catoblepas
 16070 | Lair:2   | Found a runed translucent door.
 16130 | Lair:2   | Killed a death yak
 16137 | Lair:2   | Killed a death yak
 16137 | Lair:2   | Received a gift from Okawaru
 16571 | Lair:2   | Slain by a wyvern

Skill      XL: |  1  2  3  4  5  6  7  8  9 10 11 12 |
---------------+-------------------------------------+-----
Spellcasting   | 5 6 7 8 |  8.8
Invocations    | 1 2 3 4 5 6 7 |  7.8
Short Blades   | 1 2 3 4 5 6 7 |  7.1
Long Blades    | 1 2 3 4 5 6 7 |  7.1
Axes           | 1 2 3 4 5 6 7 |  7.1
Maces & Flails | 1 2 3 4 5 6 7 |  7.1
Staves         | 1 2 3 4 5 6 7 |  7.1
Slings         | 1 2 3 4 5 6 7 |  7.1
Bows           | 1 2 3 4 5 6 7 |  7.1
Crossbows      | 1 2 3 4 5 6 7 |  7.1
Throwing       | 1 2 3 4 5 6 7 |  7.1
Stealth        | 1 2 3 4 5 6 7 |  7.1
Shields        | 1 2 3 4 5 6 7 |  7.1
Unarmed Combat | 1 2 3 4 5 6 7 |  7.1
Evocations     | 1 2 3 4 5 6 7 |  7.1
Conjurations   | 1 2 3 4 5 |  5.9
Hexes          | 1 2 3 4 5 |  5.9
Summonings     | 1 2 3 4 5 |  5.9
Necromancy     | 1 2 3 4 5 |  5.9
Translocations | 1 2 3 4 5 |  5.9
Transmutations | 1 2 3 4 5 |  5.9
Fire Magic     | 1 2 3 4 5 |  5.9
Ice Magic      | 1 2 3 4 5 |  5.9
Air Magic      | 1 2 3 4 5 |  5.9
Earth Magic    | 1 2 3 4 5 |  5.9
Poison Magic   | 1 2 3 4 5 |  5.9
Armour         | 3 4 5 6 7 |  7.6
Fighting       | 5 6 7 8 |  8.6
Polearms       | 5 6 7 8 |  8.6
Dodging        | 5 6 7 8 |  8.6
Charms         | 6 7 8 |  8.2

Action                   |  1- 3 |  4- 6 |  7- 9 | 10-12 || total
-------------------------+-------+-------+-------+-------++-------
Melee: Spear             |    75 |   201 |   276 |       ||   552
       Bite              |     6 |    21 |    45 |    53 ||   125
       Punch             |       |     1 |     5 |       ||     6
       Trident           |       |       |   209 |   424 ||   633
 Fire: Hunting sling     |       |    25 |     9 |       ||    34
Throw: Stone             |    31 |    26 |    41 |       ||    98
       Tomahawk          |       |       |       |    61 ||    61
 Cast: Infusion          |    13 |       |       |     2 ||    15
       Spectral Weapon   |     4 |    21 |    44 |    51 ||   120
       Vampiric Draining |       |       |     8 |    16 ||    24
       Regeneration      |       |       |     1 |     1 ||     2
Evoke: Wand              |       |     1 |     1 |     6 ||     8
  Use: Scroll            |     2 |     3 |     6 |     5 ||    16
       Potion            |       |       |       |     3 ||     3
 Stab: Sleeping          |     1 |     4 |     6 |     9 ||    20
       Distracted        |       |       |     6 |     3 ||     9
  Eat: Chunk             |     1 |     6 |    22 |    21 ||    50
       Ration            |       |     1 |     2 |     1 ||     4
Armor: Leather armour    |     6 |    32 |    58 |       ||    96
       Ring mail         |       |       |    38 |    42 ||    80
       Troll leather arm |       |       |       |    25 ||    25
       Robe              |       |       |       |     3 ||     3
Dodge: Dodged            |    27 |   102 |   274 |   230 ||   633
Block: Buckler           |       |       |    31 |    80 ||   111
